 Dungeon Crawl Stone Soup version 0.29.1-15-g9cfb28693d (webtiles) character file.

Game seed: 14345022777584002387

95 leafyfresh the Sneak (level 4, -8/30 (33) HPs)
             Began as an Octopode Delver on Mar 4, 2023.
             Mangled by a wight
             ... wielding a +1 halberd of protection
              (18 damage)
             ... on level 5 of the Dungeon.
             The game lasted 00:00:22 (380 turns).

leafyfresh the Sneak (Octopode Delver)               Turns: 380, Time: 00:00:23

HP:   -8/30 (33)    AC:  1    Str: 11    XL:     4   Next: 66%
MP:   4/4           EV: 14    Int: 14    God:
Gold: 0             SH:  0    Dex: 13    Spells: 3/3 levels left

rFire   . . .      SeeInvis .   a - +0 short sword
rCold   . . .      Faith    .   (no shield)
rNeg    . . .      Spirit   .   (helmet restricted)
rPois   .          Reflect  .   (no amulet)
rElec   .          Harm     .   (no ring)
rCorr   .          Rampage  .   (no ring)
Will    .....                   (no ring)
Stlth   +++++.....              (no ring)
HPRegen 0.10/turn               (no ring)
MPRegen 0.09/turn               (no ring)
                                (no ring)
                                (no ring)

@: drained
A: almost no armour, amphibious, 8 rings, camouflage 1, gelatinous body 1,
(nimble swimmer 1), tentacles
a: no special abilities


You were on level 5 of the Dungeon.
You visited 1 branch of the dungeon, and saw 1 of its levels.

Inventory:

Hand Weapons
 a - a +0 short sword (weapon)
Wands
 f - a wand of digging (3)
Scrolls
 b - a scroll of fog
 c - a scroll of magic mapping
 d - a scroll of fear
Potions
 e - a potion of haste


   Skills:
 + Level 3.9 Fighting
 - Level 2.0 Short Blades
 + Level 3.1 Dodging
 + Level 7.5 Stealth


You had 3 spell levels left.
You didn't know any spells.
Your spell library was empty.

Dungeon Overview and Level Annotations

Branches:
Dungeon (5/15)
 Temple: D:4-7

Altars:


Innate Abilities, Weirdness & Mutations

You cannot wear most types of armour.
You are amphibious.
You can wear up to eight rings at the same time.
Your skin changes colour to match your surroundings (Stealth+).
Your rubbery body absorbs attacks. (AC +1, EV +1)
((You are camouflaged when in or above water. (Stealth+)))
You have tentacles for arms and can constrict up to eight enemies at once.


Message History

You have reached level 4!
You start resting.
You start resting.
HP restored.
You start waiting.
Done waiting.
You open the door.
A wight comes into view.
It is wielding a +1 halberd of protection.
A wight is nearby!
There is an open door here.
The helpless wight fails to defend itself.
You puncture the wight! You grab the wight.
You squeeze the wight, but do no damage.
The wight is heavily damaged.
You constrict the wight, but do no damage.
The wight misses you.
You hit the wight but do no damage.
The wight is heavily damaged.
You constrict the wight, but do no damage.
The wight hits you with a +1 halberd of protection!
You feel drained.
You are too injured to fight recklessly!
Unknown command.
You hit the wight but do no damage.
The wight is heavily damaged.
You constrict the wight. The wight barely misses you.
You hit the wight but do no damage.
The wight is heavily damaged.
You constrict the wight. The wight closely misses you.
You barely miss the wight.
The wight is severely damaged.
You constrict the wight, but do no damage.
The wight hits you with a +1 halberd of protection.
You feel drained.
You hit the wight but do no damage.
The wight is severely damaged.
You constrict the wight, but do no damage.
The wight hits you with a +1 halberd of protection!!
Ouch! That really hurt!
You die...

#......#
##.>...#
#######'#
#.......#
#.......#
+.......#
#######.#
#z#.##8.#
#+#+#+#@#'###.#
...........'..#
#+#+#+#'#'###.#
#.#.# 8.#
#######.# ###


You could see a wight.

Vanquished Creatures
  A necrophage (D:5)
  A bullfrog zombie (D:5)
  An adder zombie (D:5)
3 creatures vanquished.

Notes
Turn   | Place    | Note
-------+----------+-------------------------------------------
     0 | D:5      | leafyfresh the Octopode Delver began the quest for the Orb.
     0 | D:5      | Reached XP level 1. HP: 16/16 MP: 1/1
    26 | D:5      | Reached skill level 7 in Stealth
    26 | D:5      | Reached XP level 2. HP: 20/21 MP: 2/2
    26 | D:5      | Reached XP level 3. HP: 24/26 MP: 3/3
    42 | D:5      | Noticed a necrophage
    50 | D:5      | Killed a necrophage
    51 | D:5      | Reached XP level 4. HP: 8/33 MP: 4/4
   380 | D:5      | Mangled by a wight

Illustrated notes

Levels and vault maps discovered:
D:5:      layout_gridville, lemuel_mausoleum_altar_kikubaaqudgha,
          serial_demonic, serial_demonic_c, serial_demonic_g, serial_demonic_g,
          serial_demonic_g, dk_noncrumbling_4, chequers_avenue

Skill      XL: |  1  2  3 |
---------------+----------+-----
Stealth        | 7 |  7.5
Dodging        | 3 |  3.1
Fighting       | |  3.9
Short Blades   | |  2.0

Action                   |  1- 3 |  4- 6 || total
-------------------------+-------+-------++-------
Melee: Short sword       |    12 |     6 ||    18
       Tentacles         |     4 |     1 ||     5
       Constrict         |     2 |     1 ||     3
       Punch             |     1 |       ||     1
 Stab: Sleeping          |     2 |     1 ||     3
Armor: Skin              |     1 |       ||     1
Dodge: Dodged            |     4 |     3 ||     7
